 Dungeon Crawl Stone Soup version 0.17.0-23-g0de4337 (webtiles) character file.

5 CcS the Ducker (level 1, 0/12 HPs)
             Began as a Tengu Arcane Marksman on Nov 14, 2015.
             Slain by a jackal (1 damage)
             ... on level 1 of the Dungeon.
             The game lasted 00:00:28 (84 turns).

CcS the Ducker (Tengu Arcane Marksman)                Turns: 84, Time: 00:00:28

Health: 0/12       AC:  2    Str: 11    XL:     1   Next: 80%
Magic:  3/3        EV: 12    Int: 13    God:
Gold:   0          SH:  0    Dex: 13    Spells: 1 memorised, 1 level left

rFire  . . .     SeeInvis .     (no weapon)
rCold  . . .     Clarity  .     c - +0 robe
rNeg   . . .     SustAt   .     (no shield)
rPois  .         Gourm    .     (helmet restricted)
rElec  .         Spirit   .     (no cloak)
rCorr  .         Warding  .     (no gloves)
rMut   .         Stasis   .     (boots unavailable)
MR     .....                    (no amulet)
Stlth  +.........               (no ring)
                                (no ring)

@: not resistant to hostile enchantments, very unstealthy
A: beak, talons 3
a: no special abilities


You were on level 1 of the Dungeon.
You were not hungry.

You visited 1 branch of the dungeon, and saw 1 of its levels.

Inventory:

Missiles
 b - 2 throwing nets {=f, !d}
Armour
 c - a +0 robe (worn)
Books
 d - a book of Debilitation
Comestibles
 e - a bread ration {@e1}


   Skills:
 + Level 1.8 Fighting
 - Level 2.0 Throwing
 - Level 2.1 Dodging
 - Level 1.0 Spellcasting
 - Level 2.1 Hexes


You had one spell level left.
You knew the following spells:

 Your Spells              Type           Power        Failure   Level  Hunger
a - Corona                Hex            #......      14%         1    ##.....


Dungeon Overview and Level Annotations

Branches:
Dungeon (1/15)

Altars:


Innate Abilities, Weirdness & Mutations

You have a beak for a mouth.
You have claws for feet.


Message History

You barely miss the hobgoblin.
You claw the hobgoblin, but do no damage.
The hobgoblin hits you.
You hit the hobgoblin but do no damage. Your kick misses the hobgoblin.
The hobgoblin closely misses you.
You take 4 damage, and have 8/12 hp.
MASSIVE DAMAGE!!
You hit the hobgoblin but do no damage.
The hobgoblin hits you but does no damage.
Unknown command.
You barely miss the hobgoblin. The hobgoblin hits you.
Unknown command.
You take 3 damage, and have 5/12 hp.
MASSIVE DAMAGE!!
Aim: a hobgoblin (moderately wounded)
You throw a javelin. The javelin hits the hobgoblin!
You kill the hobgoblin!
The bat misses you. x2
Unknown command.
Aim: a bat You throw a javelin.
The javelin barely misses the bat.
The bat closely misses you. The bat barely misses you.
Unknown command.
Aim: a bat You throw a javelin.
The javelin hits the bat.
You kill the bat!
Unknown command.
Aim: a kobold You throw a javelin.
The javelin closely misses the kobold.
The kobold closely misses you.
Unknown command.
Aim: a kobold You throw a javelin.
The javelin hits the kobold but does no damage.
The kobold hits you but does no damage. The kobold barely misses you.
Firing (i - inventory): No suitable missiles.
Aim: a kobold
Okay, then.
Unknown command.
Aim: a kobold (chance to defeat MR: 79%)
The kobold is outlined in light.
The kobold barely misses you.
You now have 2/3 mp.
Unknown command.
You hit the kobold. The kobold hits you.
* * * LOW HITPOINT WARNING * * *
You take 2 damage, and have 3/12 hp.
Unknown command.
You hit the kobold.
You kill the kobold!
Unknown command.
a - 5 javelins
Things that are here:
a kobold corpse; a bat corpse; a hobgoblin corpse You start resting.
A jackal comes into view.
Unknown command.
MP restored: 3 The jackal barks!
Unknown command.
Aim: a jackal You throw a javelin.
The javelin hits the jackal!
You kill the jackal!
Unknown command.
A jackal comes into view.
The jackal barks!
You see here a javelin.
You see here a javelin.
Aim: a jackal You throw a javelin.
The javelin barely misses the jackal.
The jackal barely misses you. The jackal closely misses you.
Unknown command.
Aim: a jackal You throw a javelin.
The javelin barely misses the jackal.
The jackal misses you.
Unknown command.
Aim: a jackal You throw a javelin.
The javelin misses the jackal.
The jackal barely misses you.
Unknown command.
Aim: a jackal You throw a javelin.
The javelin closely misses the jackal.
The jackal closely misses you.
The jackal bites you but does no damage.
Unknown command.
You hit the jackal. Your peck misses the jackal. The jackal barely misses you.
Unknown command.
You hit the jackal. The jackal barely misses you. The jackal bites you.
* * * LOW HITPOINT WARNING * * *
You take 3 damage, and have 2/12 hp.
MASSIVE DAMAGE!!
You barely miss the jackal. You claw the jackal. Your peck misses the jackal.
The jackal barely misses you.
Unknown command.
You barely miss the jackal. The jackal bites you.
* * * LOW HITPOINT WARNING * * *
You take 1 damage, and have 1/12 hp.
Unknown command.
You barely miss the jackal. The jackal barely misses you. The jackal bites you.
You die...

..## ...
.. .#
##.#####.#
.......<.#
##.####.##
#h.# ##@##
#..# #.##
#†#
#.....#
.........
.##.#.....
#. .......
#
.........


You could see a jackal.

Vanquished Creatures
  A bat (D:1)
  A hobgoblin (D:1)
  A jackal (D:1)
  A kobold (D:1)
4 creatures vanquished.

Notes
Turn   | Place    | Note
--------------------------------------------------------------
     0 | D:1      | CcS the Tengu Arcane Marksman began the quest for the Orb.
     0 | D:1      | Reached XP level 1. HP: 12/12 MP: 3/3
    24 | D:1      | HP: 3/12 [kobold (3)]
    81 | D:1      | HP: 2/12 [jackal (3)]
    84 | D:1      | Slain by a jackal

Action                   || total
-------------------------++-------
Melee: Unarmed           ||    14
Throw: Javelin           ||    10
 Cast: Corona            ||     1

Vault maps used:
D:1:      dpeg_arrival_tiny_a

Table legend:
 A = Turns spent in this place as a percentage of turns spent in the entire game.
 B = Non-inter-level travel turns spent in this place as a percentage of non-inter-level travel turns spent in the entire game.
 C = Inter-level travel turns spent in this place as a percentage of turns spent in this place.
 D = Turns resting spent in this place as a percentage of non-inter-level travel turns spent in this place.
 E = Turns spent auto-exploring this place as a percentage of non-inter-level travel turns spent in this place.
 F = Non-inter-level travel turns spent in this place divided by the number of levels of this place that you've seen.
                   A       B       C       D       E      F
               +-------+-------+-------+-------+-------+----------------------
         Total | 100.0 | 100.0 |   0.0 |   3.1 |   1.6 |  64.0
       Dungeon | 100.0 | 100.0 |   0.0 |   3.1 |   1.6 |  64.0
               +-------+-------+-------+-------+-------+----------------------

Table legend:
 A = Kills in this place as a percentage of kills in entire the game.
 B = Kills by you in this place as a percentage of kills by you in the entire game.
 C = Kills by friends in this place as a percentage of kills by friends in the entire game.
 D = Other kills in this place as a percentage of other kills in the entire game.
 E = Experience gained in this place as a percentage of experience gained in the entire game.
 F = Experience gained in this place divided by the number of levels of this place that you have seen.
                   A       B       C       D       E      F
               +-------+-------+-------+-------+-------+----------------------
         Total | 100.0 | 100.0 |  -nan |  -nan | 100.0 |   8.0
       Dungeon | 100.0 | 100.0 |  -nan |  -nan | 100.0 |   8.0
               +-------+-------+-------+-------+-------+----------------------
